 Dungeon Crawl Stone Soup version 0.16-a0-3493-gd9d85f0 (webtiles) character file.

5377 Grim the Fighter (level 10, -3/86 HPs)
             Began as a Human Berserker on Jan 4, 2015.
             Was a High Priest of Trog.
             Slain by a blink frog (8 damage)
             ... on level 1 of the Lair of Beasts.
             The game lasted 00:25:13 (11145 turns).

Grim the Fighter (Human Berserker)                 Turns: 11145, Time: 00:25:13

Health: -3/86      AC: 16    Str: 22    XL:     10   Next: 98%
Magic:  10/10      EV:  7    Int:  8    God:    Trog [*****.]
Gold:   206        SH:  0    Dex: 15    Spells: 0 memorised, 9 levels left

rFire  + . .     SeeInvis +       - Unarmed
rCold  . . .     Clarity  +     J - +0 plate armour
rNeg   . . .     SustAb   .     (no shield)
rPois  .         Gourm    .     m - +2 helmet {SInv}
rElec  .         Spirit   .     v - +0 cloak
rCorr  .         Warding  .     h - +0 pair of gloves
rMut   .         Stasis   .     (no boots)
MR     ++...                    (no amulet)
Stlth  ..........               N - ring of protection from fire
                                r - +4 ring of strength

@: exhausted, regenerating, slowed, very slow, very resistant to hostile
enchantments, extremely unstealthy
A: clarity
a: Burn Spellbooks, Berserk, Trog's Hand, Brothers in Arms, Renounce Religion


You were on level 1 of the Lair of Beasts.
You worshipped Trog.
Trog was extremely pleased with you.
You were near starving.

You visited 2 branches of the dungeon, and saw 9 of its levels.

You collected 314 gold pieces.
You spent 108 gold pieces at shops.

Inventory:

Armour
 h - a +0 pair of gloves (worn)
 m - a +2 helmet of see invisible (worn)
 v - a +0 cloak (worn)
 J - a +0 plate armour (worn)
Jewellery
 r - a +4 ring of strength (left hand)
 E - an uncursed ring of protection from cold {unknown}
 N - a ring of protection from fire (right hand)
Magical devices
 p - a wand of slowing (28)
 x - a wand of draining (6)
 G - a wand of confusion (22)
 H - a wand of lightning (9)
 M - a wand of magic darts (16)
Scrolls
 b - a scroll of immolation {unknown}
 e - 4 scrolls of enchant weapon {unknown}
 i - a scroll of recharging {unknown}
 j - 2 scrolls of random uselessness {unknown}
 k - 5 scrolls of remove curse
 o - 5 scrolls of teleportation {unknown}
 s - 4 scrolls of amnesia {unknown}
 t - 2 scrolls of identify
 w - 2 scrolls of fear {unknown}
 y - a scroll of noise {unknown}
 F - a scroll of magic mapping {unknown}
 I - a scroll of brand weapon {unknown}
 K - a scroll of blinking {unknown}
Potions
 c - a potion of poison {unknown}
 d - a potion of magic
 f - a potion of lignification
 n - a potion of might {unknown}
 q - a potion of haste
 u - 4 potions of curing
 A - 2 potions of invisibility
 C - a potion of cure mutation {unknown}
 D - a potion of restore abilities {unknown}
Comestibles
 a - 5 bread rations
 g - 3 slices of pizza
 l - 3 royal jellies
 z - 2 fruits
 B - a beef jerky
 L - a chunk of flesh
 O - a meat ration


   Skills:
 - Level 10.7 Fighting
 - Level 2.0 Armour
 - Level 2.0 Dodging
 * Level 5.7 Stealth
 - Level 10.6 Unarmed Combat


You had 9 spell levels left.
You didn't know any spells.

Dungeon Overview and Level Annotations

Branches:
Dungeon (8/15)             Temple (0/1) D:5            Lair (1/8) D:8

Altars:
Fedhas
Gozag
Nemelex Xobeh
Okawaru
Sif Muna

Shops:
D:7 *   D:8 *

Annotations:
D:8 Maurice


Innate Abilities, Weirdness & Mutations

You possess an exceptional clarity of mind.


Message History

The blink frog hits you!
* * * LOW HITPOINT WARNING * * *
The blink frog hits you but does no damage.
The blink frog hits you.
* * * LOW HITPOINT WARNING * * *
The blink frog closely misses you.
The blink frog hits you but does no damage.
The blink frog hits you!
* * * LOW HITPOINT WARNING * * *
Use which ability? (? or * to list)
Your skin crawls.
You feel resistant to hostile enchantments.
You are near starving!
The blink frog hits you but does no damage. x2
The blink frog hits you!
* * * LOW HITPOINT WARNING * * *
The blink frog hits you!
* * * LOW HITPOINT WARNING * * *
The blink frog hits you!
You die...

###..##
#..
##...##
#.. #..###
### ##.##
### # #.##
#PP## #.#
##...).
#.# P....#
##.##F...#
#P..@F.#
##...F##
##...#
#..## ####
##### ###
##.... #..
##.....
P.#####
##..####


You could see 3 blink frogs.

Vanquished Creatures
  2 hydras (Lair:1)
  The ghost of runewalsh the Frost Mage, an experienced OpIE of Vehumet (D:7)
  A hungry ghost (D:7)
  A wolf (Lair:1)
  Edmund (D:7)
  A porcupine (Lair:1)
  2 water moccasins (Lair:1)
  2 orc warriors
  An ice beast (D:8)
  A necrophage (D:8)
  3 centaurs
  3 ogres
  A sky beast (D:5)
  A crocodile (Lair:1)
  3 giant frogs
  Blork the orc (D:8)
  2 scorpions
  6 killer bees (D:7)
  2 goliath beetles
  3 crimson imps
  5 hounds
  2 centaur zombies
  2 iguanas
  2 centaur skeletons
  2 jellies
  A gnoll shaman (D:5)
  2 orc priests
  Natasha (thrice) (D:3)
  2 killer bee zombies
  9 orc wizards
  6 worker ants
  Terence (D:2)
  2 worker ant zombies
  13 adders
  6 gnolls (D:5)
  2 shadow imps
  3 worms
  An adder skeleton (D:8)
  2 adder zombies
  2 giant geckos
  3 oozes
  15 orcs
  3 ball pythons
  A bat skeleton (D:8)
  7 giant cockroaches
  12 hobgoblins
  13 jackals
  15 kobolds
  4 quokkas
  9 bats
  A giant gecko skeleton (D:4)
  9 giant newts
  14 goblins
  A hobgoblin zombie (D:5)
  A jackal skeleton (D:6)
  2 quokka skeletons
  10 rats
226 creatures vanquished.

Notes
Turn   | Place    | Note
--------------------------------------------------------------
     0 | D:1      | Grim, the Human Berserker, began the quest for the Orb.
     0 | D:1      | Reached XP level 1. HP: 18/18 MP: 1/1
   202 | D:1      | Reached XP level 2. HP: 18/24 MP: 2/2
   607 | D:1      | Acquired Trog's second power
   837 | D:1      | Reached skill level 4 in Unarmed Combat
   837 | D:1      | Reached XP level 3. HP: 24/29 MP: 3/3
  1512 | D:2      | Reached XP level 4. HP: 31/35 MP: 4/4
  1672 | D:2      | Found a deep blue altar of Sif Muna.
  1680 | D:2      | Noticed Terence
  1690 | D:2      | Killed Terence
  1813 | D:2      | Reached skill level 5 in Unarmed Combat
  2409 | D:3      | Noticed Natasha
  2423 | D:3      | Killed Natasha
  2423 | D:3      | Reached XP level 5. HP: 33/41 MP: 5/5
  2472 | D:3      | Noticed Natasha
  2485 | D:3      | Killed Natasha
  2498 | D:3      | Noticed Natasha
  2502 | D:3      | Killed Natasha
  3058 | D:4      | Reached skill level 6 in Unarmed Combat
  3075 | D:4      | Reached XP level 6. HP: 30/47 MP: 6/6
  3222 | D:4      | Noticed an ogre
  3229 | D:4      | Killed an ogre
  3350 | D:4      | Acquired Trog's third power
  3355 | D:4      | Reached skill level 7 in Unarmed Combat
  3460 | D:4      | Reached XP level 7. HP: 46/52 MP: 7/7
  4507 | D:5      | Entered Level 5 of the Dungeon
  4530 | D:5      | Reached skill level 8 in Unarmed Combat
  5016 | D:5      | Found a blossoming altar of Fedhas.
  5109 | D:5      | Reached XP level 8. HP: 39/58 MP: 8/8
  5294 | D:5      | Found an iron altar of Okawaru.
  5641 | D:5      | Found a staircase to the Ecumenical Temple.
  5646 | D:5      | Reached skill level 9 in Unarmed Combat
  6480 | D:6      | Reached skill level 10 in Unarmed Combat
  6888 | D:6      | Gained mutation: Scrolls take you a little longer to read. [potion of mutation]
  6888 | D:6      | Lost mutation: Scrolls take you a little longer to read. [potion of mutation]
  6888 | D:6      | Gained mutation: You possess an exceptional clarity of mind. [potion of mutation]
  7147 | D:6      | Reached XP level 9. HP: 59/64 MP: 9/9
  7174 | D:6      | Found a sparkling altar of Nemelex Xobeh.
  7835 | D:7      | Found Cliablim's Assorted Antiques.
  7861 | D:7      | Reached skill level 5 in Fighting
  8092 | D:7      | Bought a runed helmet for 108 gold pieces
  8249 | D:7      | Received a gift from Trog
  8422 | D:7      | Noticed runewalsh's ghost (experienced OpIE)
  8438 | D:7      | Killed runewalsh's ghost
  8693 | D:7      | Received a gift from Trog
  8831 | D:7      | Noticed Edmund
  8842 | D:7      | Killed Edmund
  9221 | D:8      | Reached XP level 10. HP: 73/82 MP: 10/10
  9400 | D:8      | Found a staircase to the Lair.
  9514 | D:8      | Found Gozag's Nutrition Petition.
  9514 | D:8      | Found an opulent altar of Gozag.
  9778 | D:8      | Noticed Blork the orc
  9784 | D:8      | Killed Blork the orc
 10053 | D:8      | Noticed Maurice
 10125 | Lair:1   | Entered Level 1 of the Lair of Beasts
 10169 | Lair:1   | Noticed a five-headed hydra
 10176 | Lair:1   | Killed a five-headed hydra
 10176 | Lair:1   | Reached skill level 10 in Fighting
 10299 | Lair:1   | Reached skill level 1 in Stealth
 10635 | Lair:1   | Noticed a four-headed hydra
 10649 | Lair:1   | Killed a four-headed hydra
 10729 | Lair:1   | Reached skill level 5 in Stealth
 11145 | Lair:1   | Slain by a blink frog

Action                   |  1- 3 |  4- 6 |  7- 9 | 10-12 || total
-------------------------+-------+-------+-------+-------++-------
Melee: Unarmed           |   134 |   185 |   444 |   158 ||   921
Invok: Berserk           |       |     4 |     7 |     3 ||    14
       Trog's Hand       |       |       |       |     1 ||     1
  Use: Scroll            |       |     1 |     8 |       ||     9
       Potion            |       |       |     1 |       ||     1
 Stab: Sleeping          |     1 |       |       |       ||     1
  Eat: Chunk             |     1 |     5 |     8 |     3 ||    17
       Meat ration       |       |     1 |     3 |     1 ||     5
       Bread ration      |       |       |     1 |       ||     1
